 Dungeon Crawl Stone Soup version 0.28.0-53-g5a82cb258f (webtiles) character file.

Game seed: 6698625448237564705

4543 tife0686 the Grappler (level 10, -9/76 HPs)
             Began as a Human Berserker on May 22, 2022.
             Was a Believer of Trog.
             Mangled by an orange demon (10 damage)
             ... summoned by a kobold demonologist
             ... in a bailey on May 23, 2022.
             The game lasted 01:10:42 (8012 turns).

tife0686 the Grappler (Human Berserker)             Turns: 8012, Time: 01:10:48

Health: -9/76      AC:  6    Str: 20    XL:     10   Next: 67%
Magic:  0/11       EV: 19    Int:  5    God:    Trog [**....]
Gold:   274        SH:  0    Dex: 15    Spells: 9/9 levels left

rFire   . . .      SeeInvis .     - Unarmed
rCold   . . .      Faith    .   (no shield)
rNeg    . . .      Spirit   +   s - +0 troll leather armour
rPois   .          Reflect  .   d - +0 helmet
rElec   .          Harm     .   (no cloak)
rCorr   .          Rampage  .   q - +0 pair of gloves
Will    ++...                   (no boots)
Stlth   +.........              i - amulet of guardian spirit
HPRegen 2.02/turn               c - +4 ring of evasion
MPRegen 0.12/turn               (no ring)

@: lethally poisoned (-9 -> -24), strong-willed (expiring), on berserk cooldown,
regenerating (expiring), slowed, very slow
A: hooves 1, dopey 1, high MP 1
a: Renounce Religion, Berserk, Trog's Hand


You were in a bailey.
You worshipped Trog.
Trog was pleased with you.
You visited 2 branches of the dungeon, and saw 9 of its levels.
You also visited: Bailey.

You collected 274 gold pieces.

Inventory:

Hand Weapons
 e - a +1 hunting sling of electrocution
Armour
 a - a +0 animal skin
 d - a +0 helmet (worn)
 h - a +0 leather armour
 j - +0 acid dragon scales
 q - a +0 pair of gloves (worn)
 s - a +0 troll leather armour (worn)
Jewellery
 c - a +4 ring of evasion (left hand)
 i - an amulet of guardian spirit (around neck)
 l - an amulet of regeneration
Wands
 b - a wand of iceblast (11)
 f - a wand of flame (14)
 p - a wand of paralysis (6)
Scrolls
 r - a scroll of magic mapping
 t - a scroll of amnesia
Potions
 g - a potion of invisibility
 k - a potion of resistance {unknown}
 m - 2 potions of heal wounds
 u - a potion of curing


   Skills:
 + Level 6.1 Fighting
 - Level 2.0 Armour
 + Level 7.6 Dodging
 + Level 12.1 Unarmed Combat


You had 9 spell levels left.
You didn't know any spells.
Your spell library was empty.

Dungeon Overview and Level Annotations

Branches:
Dungeon (9/15)             Temple (1/1) D:5          Bailey (1/1)
   Lair: D:8-11         Orc: D:9-12

Altars:
Ashenzari
Cheibriados
Gozag
Hepliaklqana
Kikubaaqudgha
Okawaru
Qazlal
Ru
Sif Muna
Trog
Uskayaw
Vehumet
Xom
Yredelemnul
The Shining One

Shops:
D:3 [


Innate Abilities, Weirdness & Mutations

You have large cloven feet.
You are dopey. (Int -2)
You have an increased reservoir of magic. (+10% MP)


Message History

The orc warrior completely misses you. The orange demon completely misses you.
You feel very sick. The orc warrior closely misses you.
The orange demon stings you from afar.
You are more poisoned.
The orange demon poisons you!
You open the door. 3 goblins, 3 orcs and 2 gnolls come into view.
You feel extremely sick.
The hobgoblin shouts!
The gnoll shouts!
The goblin shouts!
The orc warrior shouts!
The orc warrior barely misses you. The orange demon misses you.
The gnoll shouts!
The orc shouts!
Unknown command.
Unknown command.
Unknown command.
Unknown command.
Unknown command.
Unknown command.
Unknown command.
Unknown command.
Unknown command.
You feel the effects of Trog's Hand fading.
You feel extremely sick. The orc warrior closely misses you.
The gnoll hits you with a +0 hand axe. The orange demon stings you from afar.
You are lethally poisoned!
The orange demon poisons you!
The crimson imp blinks!
The orc warrior hits you with a +0 war axe.
* * * LOW HITPOINT WARNING * * *
The gnoll hits you with a +0 hand axe.
* * * LOW HITPOINT WARNING * * *
The orange demon barely misses you.
You open the door.
* * * LOW HITPOINT WARNING * * *
You feel extremely sick.
The neqoxec hits you but does no damage.
The soul eater draws from the surrounding life force!
* * * LOW HITPOINT WARNING * * *
The orc warrior barely misses you. The orange demon stings you from afar!
You die...

≈≈≈≈ ≈≈≈≈ ≈≈≈≈≈
≈≈≈≈≈ ≈≈≈≈≈≈
≈≈≈≈≈≈#### ≈≈≈#
......'..# ≈≈≈≈#
#######@3#+#≈≈≈≈≈#
#.ggggo.o5K#≈≈≈≈≈#
+..goo#..4.#≈≈≈≈≈#
##########5#≈≈≈≈≈#
+!!#§3≈≈≈≈≈#
#:!#.≈≈≈≈≈≈# +####
#..#.≈≈≈≈≈≈# ....#
#########.≈≈5≈≈≈#
....#
...#..8.8..#.≈≈≈≈≈≈#


You could see an orc knight, a soul eater (summoned), an orange demon
(summoned), a kobold demonologist, a neqoxec (summoned), 2 orc warriors, an iron
imp (summoned), 2 gnolls, a crimson imp (summoned), a white imp (summoned), an
orc, a hobgoblin and 2 goblins.

Vanquished Creatures
  A wizard (D:9)
  Pikel (D:5)
  The ghost of NinjaNoafa the Cudgeller, a novice MiMo (D:5)
  An orc knight (Bailey)
  A kobold demonologist (Bailey)
  A troll (D:6)
  Grinder (D:3)
  A shadow (D:9)
  A wyvern (D:9)
  An acid dragon (D:5)
  A water moccasin (D:5)
  5 orc warriors
  A black bear (D:5)
  2 ogres
  A bullfrog (D:6)
  Blork the orc (D:5)
  An electric eel (Bailey)
  A lava snake (D:9)
  A centaur zombie (D:5)
  3 hounds
  2 jellies (D:6)
  An orc priest (D:9)
  A bullfrog skeleton (D:6)
  An iguana (D:5)
  2 orc wizards
  A hound skeleton (D:4)
  A mummy (D:4)
  3 adders
  4 gnolls (D:5)
  A white imp (D:5)
  An adder skeleton (D:4)
  A worm (D:2)
  2 dart slugs
  15 orcs
  4 bats
  10 endoplasms
  9 giant cockroaches
  13 goblins
  10 hobgoblins
  6 quokkas
  4 ball pythons
  5 frilled lizards
  9 kobolds
  6 rats
139 creatures vanquished.

Vanquished Creatures (others)
  A plant (D:2)
  2 withered plants (D:5)
3 creatures vanquished.

Grand Total: 142 creatures vanquished

Notes
Turn   | Place    | Note
-------+----------+-------------------------------------------
     0 | D:1      | tife0686 the Human Berserker began the quest for the Orb.
     0 | D:1      | Reached XP level 1. HP: 18/18 MP: 1/1
   203 | D:1      | Reached XP level 2. HP: 24/24 MP: 2/2
   604 | D:1      | Reached XP level 3. HP: 25/29 MP: 3/3
  1504 | D:1      | Gained mutation: Your mind is acute. (Int +2) [potion of
                  | mutation]
  1504 | D:1      | Gained mutation: You are frail. (-10% HP) [potion of
                  | mutation]
  1504 | D:1      | Gained mutation: You have sharp toenails. [potion of
                  | mutation]
  1504 | D:1      | Gained mutation: You are agile. (Dex +2) [potion of
                  | mutation]
  1505 | D:1      | Lost mutation: You are agile. (Dex +2) [potion of mutation]
  1505 | D:1      | Lost mutation: Your mind is acute. (Int +2) [potion of
                  | mutation]
  1505 | D:1      | Lost mutation: You have sharp toenails. [potion of
                  | mutation]
  1505 | D:1      | Gained mutation: You have a somewhat thin skeletal
                  | structure. (Dex +2, Stealth+) [potion of mutation]
  1505 | D:1      | Gained mutation: You sometimes lose the ability to read
                  | scrolls when taking damage. [potion of mutation]
  1505 | D:1      | Gained mutation: Your flesh is heat resistant. (rF+)
                  | [potion of mutation]
  1506 | D:1      | Lost mutation: You have a somewhat thin skeletal structure.
                  | (Dex +2, Stealth+) [potion of mutation]
  1506 | D:1      | Lost mutation: You sometimes lose the ability to read
                  | scrolls when taking damage. [potion of mutation]
  1506 | D:1      | Lost mutation: Your flesh is heat resistant. (rF+) [potion
                  | of mutation]
  1506 | D:1      | Gained mutation: You are clumsy. (Dex -2) [potion of
                  | mutation]
  1757 | D:2      | Reached ** piety under Trog
  2198 | D:2      | Reached skill level 4 in Unarmed Combat
  2198 | D:2      | Reached XP level 4. HP: 18/31 MP: 4/4
  2203 | D:2      | Lost mutation: You are frail. (-10% HP) [potion of
                  | mutation]
  2203 | D:2      | Lost mutation: You are clumsy. (Dex -2) [potion of
                  | mutation]
  2203 | D:2      | Gained mutation: You have an increased reservoir of magic.
                  | (+10% MP) [potion of mutation]
  2203 | D:2      | Gained mutation: You are dopey. (Int -2) [potion of
                  | mutation]
  2203 | D:2      | Gained mutation: You have large cloven feet. [potion of
                  | mutation]
  2670 | D:3      | Found Dahumach's Armour Boutique.
  2832 | D:3      | Noticed Grinder
  2841 | D:3      | Killed Grinder
  2842 | D:3      | Reached skill level 5 in Unarmed Combat
  2842 | D:3      | Reached XP level 5. HP: 42/42 MP: 2/5
  2842 | D:3      | Reached XP level 6. HP: 48/48 MP: 2/6
  3521 | D:4      | Found an opulent altar of Gozag.
  3810 | D:4      | Reached skill level 6 in Unarmed Combat
  3810 | D:4      | Reached XP level 7. HP: 51/53 MP: 5/7
  3888 | D:4      | Found a snail-covered altar of Cheibriados.
  4321 | D:5      | Entered Level 5 of the Dungeon
  4346 | D:5      | Noticed an acid dragon
  4353 | D:5      | Killed an acid dragon
  4678 | D:5      | Noticed Pikel
  4680 | D:5      | Found a staircase to the Ecumenical Temple.
  4926 | D:5      | Noticed a water moccasin
  4939 | D:5      | Killed a water moccasin
  4940 | D:5      | Reached skill level 7 in Unarmed Combat
  4940 | D:5      | Reached XP level 8. HP: 60/60 MP: 6/8
  4986 | D:5      | Noticed Blork the orc
  4991 | D:5      | Killed Blork the orc
  5079 | D:5      | Found a runed translucent door.
  5081 | D:5      | Noticed NinjaNoafa's ghost (novice MiMo)
  5224 | D:5      | Killed Pikel
  5225 | D:5      | Reached skill level 5 in Dodging
  5225 | D:5      | Reached skill level 8 in Unarmed Combat
  5366 | D:5      | Reached XP level 9. HP: 42/67 MP: 3/9
  5733 | D:5      | Killed NinjaNoafa's ghost
  5734 | D:5      | Reached skill level 5 in Fighting
  5734 | D:5      | Reached skill level 9 in Unarmed Combat
  5826 | D:5      | Identified a scroll of acquirement
  5826 | D:5      | Acquired a +4 ring of evasion
  5853 | Temple   | Entered the Ecumenical Temple
  6362 | D:6      | Noticed a troll
  6369 | D:6      | Killed a troll
  6406 | D:6      | Reached skill level 10 in Unarmed Combat
  7209 | D:7      | You fall into a shaft and drop 2 floors!
  7231 | D:9      | Noticed a wizard
  7242 | D:9      | Killed a wizard
  7243 | D:9      | Reached XP level 10. HP: 76/76 MP: 11/11
  7445 | D:9      | Found an iron altar of Okawaru.
  7452 | D:9      | Reached skill level 11 in Unarmed Combat
  7527 | D:9      | Found a flagged portal.
  7611 | Bailey   | Entered a bailey
  7898 | Bailey   | Noticed a kobold demonologist
  7911 | Bailey   | Noticed an ice devil
  7913 | Bailey   | Killed a kobold demonologist
  7973 | Bailey   | Found an iron altar of Okawaru.
  7974 | Bailey   | Noticed a kobold demonologist
  7974 | Bailey   | Noticed an orc knight
  7997 | Bailey   | Killed an orc knight
  7998 | Bailey   | Reached skill level 12 in Unarmed Combat
  8006 | Bailey   | Noticed an orange demon
  8007 | Bailey   | Noticed a soul eater
  8010 | Bailey   | Noticed an orc knight
  8012 | Bailey   | HP: 1/76 [soul eater/drain life[a kobold demonologist] (5)]
  8012 | Bailey   | Mangled by an orange demon

Illustrated notes

Levels and vault maps discovered:
D:1:      dpeg_arrival_connections, layout_basic
D:2:      kennysheep_six_static_rooms, layout_basic, serial_forest,
          infiniplex_forest_clump_double, infiniplex_forest_lined_2,
          infiniplex_forest_clump_curved, infiniplex_forest_lined_2
D:3:      layout_basic, serial_shops, nicolae_shop_hallway_plus,
          chequers_serial_rivers_marsh, uniq_grinder
D:4:      layout_rooms, chei_slow_surprise,
          nicolae_gozag_cash_rules_everything_around_me
D:5:      layout_basic, temple_fountains, gammafunk_ghost_grave,
          grunt_ministairs_10, uniq_blork_the_orc, uniq_pikel
D:6:      layout_gridville
D:7:      layout_cave_pools, mainiacjoe_overflow_brackets,
          hellmonk_ghost_happy_afterlife, small_statue_intersection
D:9:      layout_loops_ring, mainiacjoe_overflow_six_doors_small,
          okawaru_gym_becter, nicolae_wu_jian_immortal_techniques,
          lightli_temple_of_fire, enter_bailey_5, kennysheep_generic_room_8
Temple:   minmay_temple_forest_path
Bailey:   bailey_axe_of_yendor_kennysheep, bailey

Skill      XL: |  1  2  3  4  5  6  7  8  9 10 |
---------------+-------------------------------+-----
Unarmed Combat | 4 5 6 7 8 10 12 | 12.1
Dodging        | 3 4 5 7 |  7.6
Fighting       | 4 5 6 |  6.1
Armour         | |  2.0

Action                   |  1- 3 |  4- 6 |  7- 9 | 10-12 || total
-------------------------+-------+-------+-------+-------++-------
Melee: Unarmed           |   149 |   104 |   118 |    94 ||   465
       Punch             |     2 |     3 |     6 |     4 ||    15
       Kick              |       |    28 |    37 |    28 ||    93
Invok: Berserk           |     2 |     4 |    14 |     6 ||    26
       Trog's Hand       |     1 |     1 |     3 |     2 ||     7
  Use: Potion            |     4 |     4 |     5 |       ||    13
       Scroll            |     1 |     6 |     5 |       ||    12
 Stab: Sleeping          |     3 |     2 |       |       ||     5
Armor: Animal skin       |    36 |    10 |    15 |       ||    61
       Troll leather arm |       |       |     1 |     7 ||     8
Dodge: Dodged            |    72 |    51 |    77 |    67 ||   267
